 Dungeon Crawl Stone Soup version 0.26-a0-540-g8a0c9464d7 (webtiles) character file.

Game seed: 15657987643293934543

54 Lauz the Shield-Bearer (level 3, -8/33 HPs)
             Began as a Minotaur Fighter on Aug 21, 2020.
             Mangled by Sigmund
             ... wielding a +0 scythe
              (11 damage)
             ... on level 2 of the Dungeon.
             The game lasted 00:02:19 (1187 turns).

Lauz the Shield-Bearer (Minotaur Fighter)           Turns: 1187, Time: 00:02:20

Health: -8/33      AC:  8    Str: 21    XL:     3   Next: 66%
Magic:  2/2        EV:  7    Int:  5    God:
Gold:   108        SH:  9    Dex:  9    Spells: 2/2 levels left

rFire    . . .     SeeInvis .   a - +0 long sword
rCold    . . .     Faith    .   c - +0 kite shield
rNeg     . . .     Spirit   .   b - +0 scale mail
rPois    .         Reflect  .   (helmet restricted)
rElec    .         Harm     .   i - +0 cloak
rCorr    .                      (no gloves)
MR       .....                  (no boots)
Stlth    ..........             o - amulet of magic regeneration
HPRegen  0.11/turn              (no ring)
MPRegen  0.33/turn              (no ring)

@: mighty
A: retaliatory headbutt, horns 2
a: no special abilities


You were on level 2 of the Dungeon.
You visited 1 branch of the dungeon, and saw 2 of its levels.

You collected 108 gold pieces.

Inventory:

Hand Weapons
 a - a +0 long sword (weapon)
Armour
 b - a +0 scale mail (worn)
 c - a +0 kite shield (worn)
 i - a +0 cloak (worn)
Jewellery
 o - an amulet of magic regeneration (around neck)
Scrolls
 e - 4 scrolls of identify {unknown}
 g - a scroll of blinking {unknown}
 h - a scroll of immolation {unknown}
 j - a scroll of remove curse {unknown}
 k - a scroll of enchant weapon {unknown}
Potions
 f - a potion of magic {unknown}
 l - a potion of ambrosia {unknown}
 m - a potion of lignification {unknown}
 n - a potion of cancellation {unknown}
 p - a potion of curing {unknown}


   Skills:
 + Level 4.1 Fighting
 + Level 3.2 Long Blades
 + Level 4.2 Armour
 + Level 4.3 Shields


You had 2 spell levels left.
You didn't know any spells.
Your spell library was empty.

Dungeon Overview and Level Annotations

Branches:
Dungeon (2/15)

Altars:

Annotations:
D:2 Sigmund


Innate Abilities, Weirdness & Mutations

You reflexively headbutt those who attack you in melee.
You have a pair of horns on your head.


Message History

Sigmund is nearby!
Sigmund casts a spell.
Sigmund flickers and vanishes!
Deactivating autopickup; reactivate with Ctrl-A.
You barely miss something. You headbutt something.
Something hits you but does no damage.
You miss something. Something hits you but does no damage.
You barely miss something. You hit something.
You hear some strange, mumbled words.
A magic dart appears from out of thin air!
The magic dart hits you. Something hits you.
You hit something. You barely miss something. Something hits you!
You miss something. You block something's attack.
You closely miss something. Your headbutt misses something. Something hits you!
* * * LOW HITPOINT WARNING * * *
You feel very mighty all of a sudden. Something hits you!
You die...

#### ### ..@. .... ......# #..#
......# #.... .......# ....###.#
.... ≈≈ #.....#..... .≈..
####..{###.#.. .≈≈≈..
........@...#.###.≈≈≈≈≈#
######.##.###.....≈≈≈..# # #.
#..........≈.≈.# # ### #.
#.......#.≈.≈≈## ###.##
#.##.........≈≈≈≈≈# .#.#.##
#............≈≈≈≈≈≈ ..###.######
####.......#≈.≈≈≈≈≈ .## ##.....#
#.........≈≈≈≈≈≈
..###.####.######.......########


There were no monsters in sight!

Vanquished Creatures
  Robin (D:2)
  A worm (D:2)
  A dart slug (D:1)
  A leopard gecko (D:1)
  2 giant cockroaches
  10 goblins
  5 hobgoblins
  2 bats (D:1)
  3 frilled lizards (D:1)
  3 kobolds
  9 rats
38 creatures vanquished.

Notes
Turn   | Place    | Note
-------+----------+-------------------------------------------
     0 | D:1      | Lauz the Minotaur Fighter began the quest for the Orb.
     0 | D:1      | Reached XP level 1. HP: 19/19 MP: 0/0
   222 | D:1      | Reached XP level 2. HP: 27/27 MP: 1/1
   786 | D:2      | Noticed Robin
   793 | D:2      | Reached XP level 3. HP: 29/33 MP: 2/2
   803 | D:2      | Killed Robin
  1171 | D:2      | Noticed Sigmund
  1187 | D:2      | Mangled by Sigmund

Illustrated notes

Levels and vault maps discovered:
D:1:      minmay_arrival_radiant_lines, layout_basic
D:2:      layout_loops_cross, chequers_serial_rivers_large_a,
          hangedman_abyss_or_decor_stabs, hangedman_decor_clover_reticule,
          uniq_sigmund, uniq_robin

Skill      XL: |  1  2  3 |
---------------+----------+-----
Shields        | 4 |  4.3
Armour         | 4 |  4.2
Fighting       | 4 |  4.1
Long Blades    | 3 |  3.2

Action                   || total
-------------------------++-------
Melee: Long sword        ||    77
       Headbutt          ||     9
  Use: Potion            ||     1
Armor: Scale mail        ||    35
Dodge: Dodged            ||    22
Block: Kite shield       ||    35
       Rpst.: Long sword ||     5

Table legend: (Time is in decaauts)
 A = Elapsed time spent in this place.
 B = Non-inter-level travel time spent in this place.
 C = Inter-level travel time spent in this place.
 D = Time resting spent in this place.
 E = Time spent auto-exploring this place.
 F = Levels seen in this place.
 G = Mean time per level.
                   A        B        C        D        E       F      G
               +--------+--------+--------+--------+--------+-----+--------+
         Total |   1212 |   1205 |      7 |     84 |    913 |   2 |  606.0 |
       Dungeon |   1212 |   1205 |      7 |     84 |    913 |   2 |  606.0 |
               +--------+--------+--------+--------+--------+-----+--------+

Top non-repeatable levels by time:
     D:1: 796 daAuts
     D:2: 416 daAuts
